 Dungeon Crawl Stone Soup version 0.31-a0-232-gb1c03b2570 (webtiles) character file.

Game seed: 10698724299886635629

5453 qw the Skirmisher (level 10, -1/90 HPs)
             Began as a Minotaur Hexslinger on July 7, 2023.
             Was a Believer of Okawaru.
             Slain by a two-headed ogre
             ... wielding a +0 giant spiked club
              (21 damage)
             ... on level 9 of the Dungeon.
             The game lasted 00:03:33 (8882 turns).

qw the Skirmisher (Minotaur Hexslinger)             Turns: 8882, Time: 00:03:34

Health: -1/90      AC: 17    Str: 14    XL:     10   Next: 41%
Magic:  10/11      EV: 15    Int: 10    God:    Okawaru [**....]
Gold:   371        SH:  0    Dex: 16    Spells: 10/11 levels left

rFire   . . .        Y - +0 arbalest
rCold   + . .        (shield currently unavailable)
rNeg    . . .        l - +0 ring mail
rPois   +            (helmet restricted)
rElec   .            b - +0 cloak
rCorr   +            e - +0 pair of gloves
SInv    .            o - +1 pair of boots of the Evening Star {rPois rC+ rCorr Stlth+}
Will    .....        n - amulet of faith
Stlth   +++          m - +4 ring of protection
HPRegen 0.35/turn    (no ring)
MPRegen 0.12/turn

%: faith
@: about to teleport, heroic
A: horns 2, retaliatory headbutt
a: Renounce Religion, Heroism


You were on level 9 of the Dungeon.
You worshipped Okawaru.
Okawaru was pleased with you.
You visited 2 branches of the dungeon, and saw 10 of its levels.

You collected 468 gold pieces.
You spent 97 gold pieces at shops.


Innate Abilities, Weirdness & Mutations

You have a pair of horns on your head.
You reflexively headbutt those who attack you in melee.


   Skills:
 - Level 8.8(13.8) Fighting
 + Level 12.7(17.7) Ranged Weapons
 - Level 6.5(11.5) Armour
 - Level 4.3(9.3) Dodging
 - Level 1.0 Spellcasting
 - Level 2.0 Hexes
 + Level 3.5 Invocations


You had 10 spell levels left.
You knew the following spells:

 Your Spells              Type           Power      Damage    Failure   Level
a - Slow                  Hex            16%        N/A       26%         1

Your spell library contained the following spells:

 Spells                   Type           Power      Damage    Failure   Level
 Inner Flame              Hex/Fire       2%         N/A       75%         3
 Portal Projectile        Hex/Tloc       4%         N/A       75%         3
 Cause Fear               Hex            2%         N/A       95%         4

Inventory:

Hand Weapons
 Y - a +0 arbalest (weapon)
Armour
 b - a +0 cloak (worn)
 e - a +0 pair of gloves (worn)
 l - a +0 ring mail (worn)
 o - the +1 pair of boots of the Evening Star (worn) {rPois rC+ rCorr Stlth+}
   (You found it on level 4 of the Dungeon)

   rC:        It protects you from cold.
   rPois:     It protects you from poison.
   rCorr:     It protects you from acid and corrosion.
   Stlth:     It makes you more stealthy.
Jewellery
 m - a +4 ring of protection (left hand)
 n - an amulet of faith (around neck)
 p - a ring of poison resistance
Scrolls
 a - a scroll of identify
Potions
 c - a potion of cancellation
 d - a potion of resistance
 g - 5 potions of curing
 i - a potion of enlightenment
 j - a potion of might
 k - a potion of haste
 q - a potion of heal wounds {unknown}

Dungeon Overview and Level Annotations

Branches:
Dungeon (9/15)             Temple (1/1) D:7
   Lair: D:8-11         Orc: D:9-12

Altars:
Ashenzari
Cheibriados
Dithmenos
Elyvilon
Fedhas
Gozag
Hepliaklqana
Kikubaaqudgha
Makhleb
Nemelex Xobeh
Okawaru
Qazlal
Ru
Sif Muna
Trog
Uskayaw
Wu Jian
Xom
Yredelemnul
Zin
The Shining One

Shops:
D:3 :!*

Annotations:
D:5 1 runed translucent door, Crazy Yiuf


Message History

A two-headed ogre comes into view.
It is wielding a +0 giant spiked club and a +2 dire flail of holy wrath.
The two-headed ogre shouts in stereo!
Enter note:
Enter note:
Enter note:
Enter note:
Enter note:
Enter note:
8872 ||| INVOKING Heroism.
You gain the combat prowess of a mighty hero.
You shoot a bolt.
The bolt hits the two-headed ogre but does no damage.
You shoot a bolt.
The bolt hits the two-headed ogre but does no damage.
You shoot a bolt. The bolt hits the two-headed ogre.
The two-headed ogre is lightly wounded.
You shoot a bolt. The bolt hits the two-headed ogre!
The two-headed ogre is moderately wounded.
The two-headed ogre hits you with a +0 giant spiked club!!
The two-headed ogre closely misses you.
You shoot a bolt. The bolt hits the two-headed ogre.
The two-headed ogre is moderately wounded.
You shoot a bolt.
The bolt barely misses the two-headed ogre.
The two-headed ogre barely misses you. The two-headed ogre misses you.
You shoot a bolt. The bolt hits the two-headed ogre!!
The two-headed ogre is severely wounded.
The two-headed ogre hits you with a +0 giant spiked club!
The two-headed ogre misses you.
You shoot a bolt. The bolt hits the two-headed ogre!
The two-headed ogre is almost dead.
You shoot a bolt. The bolt hits the two-headed ogre.
The two-headed ogre is almost dead.
The two-headed ogre hits you with a +0 giant spiked club!!
The two-headed ogre hits you with a +2 dire flail of holy wrath!
8882 ||| READING scroll of teleportation.
As you read the scroll of teleportation, it crumbles to dust.
You feel strangely unstable.
The two-headed ogre hits you with a +0 giant spiked club!!
You die...

. ######....#
#.>..# #....#
#....# #....#
#########....#
......[......#
.............#
#'#....@....<#
#...O......#
#.....######
#.....#
.'.....#
..#......
###......
.......


You could see a two-headed ogre.

Vanquished Creatures
  Harold (D:9)
  Pikel (D:5)
  Joseph (D:6)
  A troll (D:9)
  4 yaks (D:9)
  A wraith (D:9)
  A steam dragon (D:6)
  4 water moccasins
  3 orc warriors
  2 ice beasts (D:6)
  2 black bears
  3 ogres
  A centaur (D:8)
  A phantom (D:5)
  2 kobold brigands (D:8)
  3 lemures (D:6)
  A bullfrog (D:6)
  4 wights (D:8)
  6 killer bees (D:7)
  A howler monkey (D:7)
  2 gnoll boudas
  7 orc priests
  A jelly (D:4)
  3 iguanas
  6 orc wizards
  11 gnolls
  5 adders
  3 white imps
  2 ufetubi (D:5)
  A worm (D:2)
  2 dart slugs
  28 orcs
  8 ball pythons
  10 endoplasms
  4 giant cockroaches
  6 goblins
  8 hobgoblins
  2 jackals (D:5)
  7 quokkas
  3 bats
  2 frilled lizards
  12 kobolds
  8 rats
184 creatures vanquished.

Notes
Turn   | Place    | Note
-------+----------+-------------------------------------------
     0 | D:1      | qw the Minotaur Hexslinger began the quest for the Orb.
     0 | D:1      | Reached XP level 1. HP: 16/16 MP: 1/1
     0 | D:1      | 0 ||| qw: Version: 0.3-a-46-gb1f654a
     0 | D:1      | 0 ||| qw: Game counter: 2297
     0 | D:1      | 0 ||| qw: Melee chars always use a shield: true
     0 | D:1      | 0 ||| qw: God list: Okawaru
     0 | D:1      | 0 ||| qw: Allow faded altars: false
     0 | D:1      | 0 ||| qw: Do Orc after clearing Dungeon:15 true
     0 | D:1      | 0 ||| qw: Do second Lair branch before Depths: true
     0 | D:1      | 0 ||| qw: Lair rune preference: random
     0 | D:1      | 0 ||| qw: Goals: Normal
     0 | D:1      | 0 ||| PLANNING D:1-11
   121 | D:1      | Reached skill level 3 in Ranged Weapons
   121 | D:1      | Reached XP level 2. HP: 23/23 MP: 2/2
   166 | D:1      | Found a faded altar of an unknown god.
   602 | D:1      | 602 ||| UPGRADING to +0 pair of gloves.
   610 | D:1      | 610 ||| READING scroll labelled CORPHY PAIX.
   611 | D:1      | 611 ||| DROPPING scroll of poison.
   664 | D:1      | 664 ||| READING scroll labelled FAKHLER ERET.
   961 | D:2      | Reached XP level 3. HP: 27/29 MP: 3/3
  1078 | D:2      | Reached skill level 4 in Ranged Weapons
  1153 | D:2      | Found a basalt altar of Yredelemnul.
  1319 | D:2      | Reached XP level 4. HP: 29/36 MP: 4/4
  1584 | D:2      | 1584 ||| UPGRADING to +0 leather armour.
  1594 | D:2      | 1594 ||| DROPPING +0 robe.
  1595 | D:2      | 1595 ||| READING 3 scrolls labelled ROQIER DIAWO.
  1596 | D:2      | 1596 ||| READING scroll labelled TAQOEXKUDE.
  1597 | D:2      | 1597 ||| READING scroll labelled KAHALI IDOEPYU.
  1598 | D:2      | 1598 ||| READING scroll labelled TEOPRE HYXAZUTH.
  1662 | D:2      | 1662 ||| READING 2 scrolls of identify.
  1662 | D:2      | 1662 ||| IDENTIFYING green potion
  1708 | D:3      | Reached skill level 5 in Ranged Weapons
  1778 | D:3      | Found Pioharol's General Store.
  1788 | D:3      | 1788 ||| BUYING +0 cloak (58 gold).
  1788 | D:3      | Bought a +0 cloak for 58 gold pieces
  1788 | D:3      | 1788 ||| SHOPLISTING potion of heal wounds (65 gold, have
                  | 14).
  1788 | D:3      | 1788 ||| SHOPLISTING scroll of enchant armour (97 gold,
                  | have 14).
  1856 | D:3      | Found Wusakh's Distillery.
  1867 | D:3      | 1867 ||| SHOPLISTING 2 potions of might (104 gold, have
                  | 50).
  1867 | D:3      | 1867 ||| SHOPLISTING potion of cancellation (104 gold, have
                  | 50).
  1867 | D:3      | 1867 ||| BUYING potion of curing (39 gold).
  1867 | D:3      | Bought a potion of curing for 39 gold pieces
  1867 | D:3      | 1867 ||| SHOPLISTING potion of haste (130 gold, have 11).
  1867 | D:3      | 1867 ||| SHOPLISTING potion of heal wounds (65 gold, have
                  | 11).
  1867 | D:3      | 1867 ||| SHOPLISTING potion of might (52 gold, have 11).
  1867 | D:3      | 1867 ||| SHOPLISTING potion of mutation (104 gold, have
                  | 11).
  1892 | D:3      | 1892 ||| Stepping ~*~*~tactically~*~*~ (outnumbered).
  1894 | D:3      | 1894 ||| Stepping ~*~*~tactically~*~*~ (outnumbered).
  1910 | D:3      | Reached skill level 3 in Fighting
  1945 | D:3      | 1945 ||| FLEEEEING.
  1946 | D:3      | 1946 ||| FLEEEEING.
  1993 | D:3      | Reached XP level 5. HP: 45/45 MP: 5/5
  1993 | D:3      | Found Zoq Bim's Book Boutique.
  2218 | D:3      | Reached skill level 6 in Ranged Weapons
  2487 | D:3      | Found a hazy altar of Hepliaklqana.
  2487 | D:3      | Found a sacrificial altar of Ru.
  2494 | D:3      | Found an ancient bone altar of Kikubaaqudgha.
  2496 | D:3      | Found a faded altar of an unknown god.
  2498 | D:3      | Found a faded altar of an unknown god.
  2505 | D:3      | 2505 ||| UPGRADING to +0 cloak.
  2510 | D:3      | 2510 ||| UPGRADING to +0 ring mail.
  2520 | D:3      | 2520 ||| DROPPING +0 leather armour.
  2521 | D:3      | 2521 ||| READING scroll labelled XOASUJ JUNI.
  2522 | D:3      | 2522 ||| READING scroll labelled RUC IGE FEVIPSYT.
  2523 | D:3      | 2523 ||| DRINKING 2 purple potions.
  2655 | D:4      | Reached skill level 1 in Armour
  2833 | D:4      | Reached XP level 6. HP: 52/52 MP: 6/6
  2854 | D:4      | Identified the +1 pair of boots of the Evening Star {rPois
                  | rC+ rCorr Stlth+}
  3079 | D:4      | 3079 ||| UPGRADING to +1 pair of boots of the Evening Star
                  | {rPois rC+ rCorr Stlth+}.
  3084 | D:4      | 3084 ||| READING scroll labelled GUMPIT TOYCE.
  3085 | D:4      | 3085 ||| READING scroll labelled TIS XAINGUNOL.
  3090 | D:4      | 3090 ||| DRINKING 2 viscous yellow potions.
  3091 | D:4      | 3091 ||| READING 2 scrolls of identify.
  3091 | D:4      | 3091 ||| IDENTIFYING bubbling sapphire potion
  3109 | D:5      | Entered Level 5 of the Dungeon
  3256 | D:5      | Reached skill level 7 in Ranged Weapons
  3256 | D:5      | Reached XP level 7. HP: 50/59 MP: 7/7
  3569 | D:5      | Found a runed translucent door.
  3596 | D:5      | Noticed Crazy Yiuf
  3710 | D:5      | Found a basalt altar of Yredelemnul.
  3769 | D:5      | Found a white marble altar of Elyvilon.
  3930 | D:5      | Reached skill level 8 in Ranged Weapons
  3978 | D:5      | 3978 ||| Stepping ~*~*~tactically~*~*~ (outnumbered).
  4553 | D:5      | 4553 ||| UPGRADING to +4 ring of protection.
  4554 | D:5      | 4554 ||| DRINKING 2 puce potions.
  4593 | D:5      | 4593 ||| DROPPING potion of lignification.
  4655 | D:6      | Reached skill level 9 in Ranged Weapons
  4655 | D:6      | Reached XP level 8. HP: 61/68 MP: 8/8
  4722 | D:6      | Noticed Pikel
  4725 | D:6      | 4725 ||| FLEEEEING.
  4726 | D:6      | 4726 ||| FLEEEEING.
  4727 | D:6      | 4727 ||| FLEEEEING.
  4728 | D:6      | 4728 ||| FLEEEEING.
  4729 | D:6      | 4729 ||| FLEEEEING.
  4730 | D:6      | 4730 ||| FLEEEEING.
  4731 | D:6      | 4731 ||| FLEEEEING.
  4732 | D:6      | 4732 ||| FLEEEEING.
  4733 | D:6      | 4733 ||| FLEEEEING.
  4734 | D:6      | 4734 ||| FLEEEEING.
  4735 | D:6      | 4735 ||| FLEEEEING.
  4738 | D:6      | 4738 ||| FLEEEEING.
  4739 | D:6      | 4739 ||| STAIRDANCE
  4861 | D:6      | 4861 ||| STAIRDANCE
  4875 | D:5      | HP: 14/68 [Pikel/+2 whip of flaming (4)]
  4876 | D:5      | 4876 ||| READING 3 scrolls of teleportation.
  4876 | D:5      | Killed Pikel
  4877 | D:5      | Reached skill level 6 in Armour
  5236 | D:6      | HP: 17/68 [orc warrior/+0 dire flail (14)]
  5237 | D:6      | 5237 ||| READING 2 scrolls of teleportation.
  5534 | D:6      | Reached skill level 6 in Fighting
  5636 | D:6      | Reached skill level 3 in Dodging
  5773 | D:6      | 5773 ||| Stepping ~*~*~tactically~*~*~ (outnumbered).
  6094 | D:6      | Reached XP level 9. HP: 56/75 MP: 9/9
  6306 | D:6      | 6306 ||| READING 2 scrolls of identify.
  6306 | D:6      | 6306 ||| IDENTIFYING red potion
  6307 | D:6      | 6307 ||| DROPPING potion of degeneration.
  6386 | D:7      | Noticed Joseph
  6393 | D:7      | 6393 ||| FLEEEEING.
  6394 | D:7      | 6394 ||| FLEEEEING.
  6395 | D:7      | 6395 ||| FLEEEEING.
  6396 | D:7      | 6396 ||| FLEEEEING.
  6397 | D:7      | 6397 ||| FLEEEEING.
  6398 | D:7      | 6398 ||| FLEEEEING.
  6399 | D:7      | 6399 ||| FLEEEEING.
  6400 | D:7      | 6400 ||| FLEEEEING.
  6401 | D:7      | 6401 ||| FLEEEEING.
  6402 | D:7      | 6402 ||| FLEEEEING.
  6403 | D:7      | 6403 ||| FLEEEEING.
  6412 | D:7      | 6412 ||| STAIRDANCE
  6459 | D:7      | 6459 ||| STAIRDANCE
  6471 | D:6      | Killed Joseph
  6472 | D:6      | Reached skill level 10 in Ranged Weapons
  6571 | D:6      | 6571 ||| DRINKING 2 viscous puce potions.
  6572 | D:6      | 6572 ||| DROPPING potion of attraction.
  6908 | D:7      | Found a glowing golden altar of the Shining One.
  7006 | D:7      | 7006 ||| FLEEEEING.
  7007 | D:7      | 7007 ||| FLEEEEING.
  7008 | D:7      | 7008 ||| FLEEEEING.
  7010 | D:7      | 7010 ||| STAIRDANCE
  7049 | D:7      | Reached skill level 11 in Ranged Weapons
  7179 | D:7      | 7179 ||| SWAPPING to +0 arbalest.
  7180 | D:7      | 7180 ||| DROPPING +1 sling.
  7186 | D:7      | Found a staircase to the Ecumenical Temple.
  7187 | D:7      | 7187 ||| PLANNING TEMPLE
  7195 | Temple   | Entered the Ecumenical Temple
  7196 | Temple   | 7196 ||| PLANNING OKAWARU WORSHIP
  7202 | Temple   | Became a worshipper of Warmaster Okawaru
  7203 | Temple   | 7203 ||| PLANNING D:1-11
  7531 | D:7      | 7531 ||| DROPPING scarf of invisibility.
  7532 | D:7      | 7532 ||| READING scroll labelled ETUDUDW IMUIL.
  7653 | D:8      | 7653 ||| Stepping ~*~*~tactically~*~*~ (outnumbered).
  8237 | D:8      | Reached skill level 12 in Ranged Weapons
  8423 | D:8      | 8423 ||| UPGRADING to amulet of faith.
  8428 | D:8      | 8428 ||| DROPPING +6 ring of intelligence.
  8429 | D:8      | 8429 ||| READING 2 scrolls of identify.
  8429 | D:8      | 8429 ||| IDENTIFYING brown potion
  8454 | D:9      | Noticed Harold
  8470 | D:9      | Killed Harold
  8470 | D:9      | Reached * piety under Okawaru
  8470 | D:9      | Reached ** piety under Okawaru
  8471 | D:9      | Reached XP level 10. HP: 81/90 MP: 10/10
  8570 | D:9      | Reached skill level 1 in Invocations
  8575 | D:9      | 8575 ||| INVOKING Heroism.
  8697 | D:9      | 8697 ||| INVOKING Heroism.
  8823 | D:9      | Reached skill level 3 in Invocations
  8826 | D:9      | 8826 ||| INVOKING Heroism.
  8871 | D:9      | Noticed a two-headed ogre
  8872 | D:9      | 8872 ||| INVOKING Heroism.
  8881 | D:9      | HP: 20/90 [two-headed ogre/+0 giant spiked club (12)]
  8882 | D:9      | 8882 ||| READING scroll of teleportation.
  8882 | D:9      | Slain by a two-headed ogre

Levels and vault maps discovered:
D:1:      shiori_arrival_maze, layout_basic,
          hellmonk_ecumenical_altar_slurped_away, serial_co_window_serial,
          co_window_paths_a, co_window_paths_a, co_window_paths_b,
          co_window_corner_a, co_window_of_opportunity_a,
          co_window_unsneaky_path_b, co_window_of_opportunity_b,
          co_window_unsneaky_path_c, co_window_4corner_b, glass_columns_a,
          glass_columns_a, glass_columns_b, minmay_domino_4
D:2:      layout_basic, basic_altar, dreamdust_mushroom_princess,
          minmay_divided_ellipse
D:3:      layout_basic, chequers_temple_overflow_minitemple, serial_shops, shop,
          nicolae_shop_getting_attention, shop
D:4:      layout_rooms, minmay_misc_feat_roman, minivault_1
D:5:      minmay_inner_zag, layout_loops_ring, kennysheep_ying_yang,
          serial_glass, glass_columns_b, glass_columns_a, glass_columns_b,
          glass_columns_b, glass_columns_b, uniq_crazy_yiuf_cottage
D:6:      layout_basic, grunt_ministairs_12, minmay_misc_feat_square, uniq_pikel
D:7:      layout_loops_ring, nicolae_tso_carved_into_rock,
          minmay_temple_entry_glass, kennysheep_generic_room_8, uniq_joseph
D:8:      layout_cave_pods
D:9:      layout_irregular_city, vehumet_altar_wand_db, nicolae_blasting_shop,
          nrook_pool_corridor, uniq_harold
Temple:   nicolae_temple_no_exploring_needed

Skill      XL: |  1  2  3  4  5  6  7  8  9 10 |
---------------+-------------------------------+-----
Ranged Weapons | 3 4 5 6 7 9 12 | 12.7
Fighting       | 2 3 4 5 6 8 |  8.8
Armour         | 1 2 6 |  6.5
Dodging        | 3 4 |  4.3
Invocations    | 3 |  3.5
Spellcasting   | |  1.0
Hexes          | |  2.0

Action                     |  1- 3 |  4- 6 |  7- 9 | 10-12 || total
---------------------------+-------+-------+-------+-------++-------
   Fire: Sling             |   103 |   213 |   435 |       ||   751
         Arbalest          |       |       |    80 |    57 ||   137
 Invoke: Heroism           |       |       |       |     4 ||     4
    Use: Scroll            |     2 |    10 |     5 |     1 ||    18
         Potion            |       |     2 |     2 |       ||     4
 Armour: Robe              |    10 |     4 |       |       ||    14
         Leather armour    |       |    12 |       |       ||    12
         Ring mail         |       |    20 |   175 |    10 ||   205
  Dodge: Dodged            |    27 |    66 |   225 |    28 ||   346

Table legend:
 A = Non-vault XP
 B = Vault XP
 C = Vault XP percentage of total XP
 D = Non-vault monster count
 E = Vault monster count
 F = Vault count percentage of total count
                 A         B        C        D         E       F
            +---------+---------+-------+---------+---------+-------
      Total |    5139 |    2652 |  34.0 |     151 |      30 |  16.6
            +---------+---------+-------+---------+---------+-------
        D:1 |      28 |       9 |  24.3 |      17 |       6 |  26.1
        D:2 |      30 |      52 |  63.4 |      11 |      13 |  54.2
        D:3 |     232 |       0 |   0.0 |      26 |       0 |   0.0
        D:4 |     248 |       0 |   0.0 |      16 |       0 |   0.0
        D:5 |     344 |    1102 |  76.2 |      10 |       7 |  41.2
        D:6 |     782 |     603 |  43.5 |      17 |       3 |  15.0
        D:7 |     903 |       0 |   0.0 |      18 |       0 |   0.0
        D:8 |     807 |       0 |   0.0 |      24 |       0 |   0.0
        D:9 |    1765 |     886 |  33.4 |      12 |       1 |   7.7
            +---------+---------+-------+---------+---------+-------
